MWL (24 & UNDER)
WISCONSIN RAPIDS RANGERS @ BEMIDJI BENDERS
08/22/2024
 
TOP OF THE 1ST
Wisconsin Rapids Rangers batting - Pitching for Bemidji Benders : RHP Sixto Santiago
Pitching: RHP Sixto Santiago
Batting: RHB Troy Reed 0-0: Ball
1-0: Ball
2-0: Ground out 6-3 (Groundball, 6M)
Batting: LHB Alex Henderson 0-0: Called Strike
0-1: Swinging Strike
0-2: Foul Ball, location: 2F
0-2: SINGLE (Groundball, 34)
Batting: SHB Ricardo Arévalo 0-0: Ball
1-0: Ball
2-0: Swinging Strike
2-1: Foul Ball, location: 2F
2-2: Foul Ball, location: 2F
2-2: Strikes out swinging
Batting: RHB John Denton 0-0: Ball
1-0: SINGLE (Line Drive, 89S)
Alex Henderson to second
Batting: RHB Dick Slagboom 0-0: Called Strike
0-1: Swinging Strike
0-2: Ground out 5-3 (Groundball, 56)
Top of the 1st over - 0 run(s), 2 hit(s), 0 error(s), 2 left on base; Wisconsin Rapids 0 - Bemidji 0
BOTTOM OF THE 1ST
Bemidji Benders batting - Pitching for Wisconsin Rapids Rangers : LHP George Moore
Pitching: LHP George Moore
Batting: RHB Aaron Washington 0-0: Ball
1-0: Foul Ball, location: 2F
1-1: Swinging Strike
1-2: Ground out 5-3 (Groundball, 5L)
Batting: RHB Jesse Nelson 0-0: SINGLE (Line Drive, 89M)
Batting: RHB Júlio Valdés 0-0: Ball
1-0: Ball
2-0: Called Strike
2-1: Ground out 5-3 (Groundball, 5S)
Jesse Nelson to second
Batting: LHB Jesús Raugel 0-0: Ball
1-0: Swinging Strike
1-1: Ball
2-1: Ball
3-1: Ground out 3-1 (Groundball, 3)
Bottom of the 1st over - 0 run(s), 1 hit(s), 0 error(s), 1 left on base; Wisconsin Rapids 0 - Bemidji 0
TOP OF THE 2ND
Wisconsin Rapids Rangers batting - Pitching for Bemidji Benders : RHP Sixto Santiago
Batting: RHB Paul Richard 0-0: Called Strike
0-1: Foul Ball, location: 2F
0-2: Ground out 6-3 (Groundball, 6M)
Batting: LHB Ramón Córdova 0-0: Called Strike
0-1: Ball
1-1: Swinging Strike
1-2: Strikes out swinging
Batting: RHB Cherles Vilo 0-0: Called Strike
0-1: Ball
1-1: Foul Ball, location: 2F
1-2: Strikes out swinging
Top of the 2nd over - 0 run(s), 0 hit(s), 0 error(s), 0 left on base; Wisconsin Rapids 0 - Bemidji 0
BOTTOM OF THE 2ND
Bemidji Benders batting - Pitching for Wisconsin Rapids Rangers : LHP George Moore
Batting: RHB Gabriel Stout 0-0: Ball
1-0: Foul Ball, location: 2F
1-1: Ball
2-1: Foul Ball, location: 2F
2-2: Ball
3-2: Foul Ball, location: 2F
3-2: Fly out, F3 (Line Drive, 3)
Batting: LHB Tony O'Bryan 0-0: Called Strike
0-1: Foul Ball, location: 2F
0-2: Foul Ball, location: 2F
0-2: Ball
1-2: Strikes out swinging
Batting: LHB Raúl Morales 0-0: Ball
1-0: Swinging Strike
1-1: Swinging Strike
1-2: Foul Ball, location: 2F
1-2: Strikes out swinging
Bottom of the 2nd over - 0 run(s), 0 hit(s), 0 error(s), 0 left on base; Wisconsin Rapids 0 - Bemidji 0
TOP OF THE 3RD
Wisconsin Rapids Rangers batting - Pitching for Bemidji Benders : RHP Sixto Santiago
Batting: RHB Robert Acosta 0-0: Ball
1-0: Ground out 1-3 (Groundball, 15S)
Batting: RHB Troy Reed 0-0: Called Strike
0-1: TRIPLE (Line Drive, 89M)
Batting: LHB Alex Henderson 0-0: Ball
1-0: Ball
2-0: Ball
3-0: Base on Balls
Batting: SHB Ricardo Arévalo 0-0: Called Strike
0-1: Ball
1-1: Ball
2-1: Called Strike
2-2: Fly out, F7 (Flyball, 78M)
Runner from 3rd tags up, SCORES, no throw
Batting: RHB John Denton 0-0: Foul Ball, location: 2F
0-1: Called Strike
0-2: Ball
1-2: Ball
2-2: Strikes out swinging
Top of the 3rd over - 1 run(s), 1 hit(s), 0 error(s), 1 left on base; Wisconsin Rapids 1 - Bemidji 0
BOTTOM OF THE 3RD
Bemidji Benders batting - Pitching for Wisconsin Rapids Rangers : LHP George Moore
Batting: RHB Kawanari Hara 0-0: Ball
1-0: Called Strike
1-1: Ball
2-1: Swinging Strike
2-2: Ball
3-2: Base on Balls
Batting: RHB Bob Carr 0-0: Ground out 5-3 (Groundball, 5S)
Kawanari Hara to second
Batting: RHB Aaron Washington 0-0: Called Strike
0-1: Ball
1-1: Ball
2-1: Called Strike
2-2: Fly out, F9 (Flyball, 89S)
Batting: RHB Jesse Nelson 0-0: Ball
1-0: Ball
2-0: Ball
3-0: Called Strike
3-1: Base on Balls
Batting: RHB Júlio Valdés 0-0: Called Strike
0-1: Ball
1-1: Foul Ball, location: 2F
1-2: Ball
2-2: Ball
3-2: Strikes out looking
Bottom of the 3rd over - 0 run(s), 0 hit(s), 0 error(s), 2 left on base; Wisconsin Rapids 1 - Bemidji 0
TOP OF THE 4TH
Wisconsin Rapids Rangers batting - Pitching for Bemidji Benders : RHP Sixto Santiago
Batting: RHB Dick Slagboom 0-0: Ball
1-0: Ball
2-0: Foul Ball, location: 2F
2-1: Swinging Strike
2-2: Ground out 6-3 (Groundball, 6)
Batting: RHB Paul Richard 0-0: SINGLE (Groundball, 56D)
Batting: LHB Ramón Córdova 0-0: Ball
Paul Richard steals 2nd base
1-0: Foul Ball, location: 2F
1-1: Ball
2-1: Ball
3-1: Foul Ball, location: 2F
3-2: Base on Balls
Batting: RHB Cherles Vilo 0-0: Ball
1-0: Ball
2-0: Foul Ball, location: 2F
2-1: Grounds into double play, 6-4-3 (Groundball, 6)
Top of the 4th over - 0 run(s), 1 hit(s), 0 error(s), 1 left on base; Wisconsin Rapids 1 - Bemidji 0
BOTTOM OF THE 4TH
Bemidji Benders batting - Pitching for Wisconsin Rapids Rangers : LHP George Moore
Batting: LHB Jesús Raugel 0-0: Called Strike
0-1: Foul Ball, location: 2F
0-2: Ball
1-2: SINGLE (Line Drive, 9S)
Batting: RHB Gabriel Stout 0-0: Ball
1-0: Ball
2-0: Ball
3-0: Foul Ball, location: 2F
3-1: Foul Ball, location: 2F
3-2: Fly out, F9 (Flyball, 9LM)
Batting: LHB Tony O'Bryan 0-0: Called Strike
Jesús Raugel is caught stealing 2nd base
0-1: Ball
1-1: Ball
2-1: Ball
3-1: Base on Balls
Batting: LHB Raúl Morales 0-0: Ball
1-0: Ball
2-0: Swinging Strike
2-1: Foul Ball, location: 2F
2-2: Ball
3-2: Ground out 4-3 (Groundball, 4)
Bottom of the 4th over - 0 run(s), 1 hit(s), 0 error(s), 1 left on base; Wisconsin Rapids 1 - Bemidji 0
TOP OF THE 5TH
Wisconsin Rapids Rangers batting - Pitching for Bemidji Benders : RHP Sixto Santiago
Batting: RHB Robert Acosta 0-0: Ball
1-0: Ball
2-0: Fly out, F8 (Line Drive, 8LM)
Batting: RHB Troy Reed 0-0: Ball
1-0: Ball
2-0: Ball
3-0: Called Strike
3-1: Base on Balls
Batting: LHB Alex Henderson 0-0: Called Strike
0-1: Called Strike
Troy Reed is caught stealing 2nd base
0-2: Strikes out swinging
Top of the 5th over - 0 run(s), 0 hit(s), 0 error(s), 0 left on base; Wisconsin Rapids 1 - Bemidji 0
BOTTOM OF THE 5TH
Bemidji Benders batting - Pitching for Wisconsin Rapids Rangers : LHP George Moore
Batting: RHB Kawanari Hara 0-0: Called Strike
0-1: Foul Ball, location: 2F
0-2: Ball
1-2: Foul Ball, location: 2F
1-2: Fly out, F3 (Popup, 23F)
Batting: RHB Bob Carr 0-0: Ball
1-0: Ball
2-0: Foul Ball, location: 2F
2-1: Swinging Strike
2-2: Foul Ball, location: 2F
2-2: Foul Ball, location: 2F
2-2: Foul Ball, location: 2F
2-2: Foul Ball, location: 2F
2-2: Foul Ball, location: 2F
2-2: SINGLE (Groundball, 56D)
Pitching: RHP Jorge Flores
Batting: RHB Aaron Washington 0-0: Called Strike
Bob Carr steals 2nd base
0-1: Ball
1-1: Foul Ball, location: 2F
1-2: Strikes out looking
Batting: RHB Jesse Nelson 0-0: Ball
1-0: Swinging Strike
1-1: Swinging Strike
1-2: Strikes out swinging
Bottom of the 5th over - 0 run(s), 1 hit(s), 0 error(s), 1 left on base; Wisconsin Rapids 1 - Bemidji 0
TOP OF THE 6TH
Wisconsin Rapids Rangers batting - Pitching for Bemidji Benders : RHP Sixto Santiago
Batting: SHB Ricardo Arévalo 0-0: Ball
1-0: Called Strike
1-1: Ball
2-1: Ball
3-1: Foul Ball, location: 2F
3-2: Base on Balls
Batting: RHB John Denton 0-0: Called Strike
0-1: Ball
1-1: Ball
2-1: Ball
3-1: Base on Balls
Ricardo Arévalo to second
Pitching: RHP Ralph Oliver
Batting: RHB Dick Slagboom 0-0: Ball
1-0: Called Strike
1-1: Foul Ball, location: 2F
1-2: Ball
2-2: Foul Ball, location: 2F
2-2: Strikes out swinging
Batting: RHB Paul Richard 0-0: Called Strike
0-1: Called Strike
0-2: Foul Ball, location: 2F
0-2: Ball
1-2: Strikes out looking
Batting: LHB Ramón Córdova 0-0: Ball
1-0: SINGLE (Line Drive, 6MD)
Ricardo Arévalo to third
John Denton to second
Batting: RHB Cherles Vilo 0-0: Ball
1-0: Ball
Wild Pitch!
Ricardo Arévalo scores
John Denton to third
Ramón Córdova to second
2-0: Called Strike
2-1: Swinging Strike
2-2: Foul Ball, location: 2F
2-2: Strikes out swinging
Top of the 6th over - 1 run(s), 1 hit(s), 0 error(s), 2 left on base; Wisconsin Rapids 2 - Bemidji 0
BOTTOM OF THE 6TH
Bemidji Benders batting - Pitching for Wisconsin Rapids Rangers : RHP Jorge Flores
Batting: RHB Júlio Valdés 0-0: Ball
1-0: Fly out, F7 (Flyball, 78XD)
Batting: LHB Jesús Raugel 0-0: Ball
1-0: SOLO HOME RUN (Flyball, 78XD), Distance : 369 ft
Batting: RHB Gabriel Stout 0-0: Ground out 5-3 (Groundball, 56S)
Batting: LHB Tony O'Bryan 0-0: Called Strike
0-1: Ball
1-1: Swinging Strike
1-2: Ball
2-2: Foul Ball, location: 2F
2-2: Ball
3-2: Strikes out swinging
Bottom of the 6th over - 1 run(s), 1 hit(s), 0 error(s), 0 left on base; Wisconsin Rapids 2 - Bemidji 1
TOP OF THE 7TH
Wisconsin Rapids Rangers batting - Pitching for Bemidji Benders : RHP Ralph Oliver
Batting: RHB Robert Acosta 0-0: Ball
1-0: Foul Ball, location: 2F
1-1: Ground out 5-3 (Groundball, 56)
Batting: RHB Troy Reed 0-0: Swinging Strike
0-1: Foul Ball, location: 2F
0-2: Strikes out looking
Batting: LHB Alex Henderson 0-0: Called Strike
0-1: Called Strike
0-2: Ball
1-2: Ground out 1-3 (Groundball, 15)
Top of the 7th over - 0 run(s), 0 hit(s), 0 error(s), 0 left on base; Wisconsin Rapids 2 - Bemidji 1
BOTTOM OF THE 7TH
Bemidji Benders batting - Pitching for Wisconsin Rapids Rangers : RHP Jorge Flores
Pitching: LHP Ben Reyes
Batting: LHB Raúl Morales 0-0: Called Strike
0-1: SINGLE (Line Drive, 78S)
Pitching: RHP Jack Hampton
Batting: RHB Kawanari Hara 0-0: Ball
1-0: Called Strike
1-1: Ball
2-1: Foul Ball, location: 2F
2-2: Strikes out swinging
Batting: RHB Bob Carr 0-0: Ball
1-0: Ball
2-0: Ball
3-0: Called Strike
3-1: Called Strike
3-2: SINGLE (Line Drive, 7S)
Raúl Morales to second
Pinch Hitting: RHB Juan Costello 0-0: Foul Ball, location: 2F
0-1: Swinging Strike
0-2: Ball
1-2: Ball
2-2: Strikes out looking
Batting: RHB Jesse Nelson 0-0: Called Strike
0-1: Ball
1-1: Fly out, F5 (Popup, 5F)
Bottom of the 7th over - 0 run(s), 2 hit(s), 0 error(s), 2 left on base; Wisconsin Rapids 2 - Bemidji 1
TOP OF THE 8TH
Wisconsin Rapids Rangers batting - Pitching for Bemidji Benders : RHP Ralph Oliver
Pitching: RHP Tom Fisher
Now at SS: Juan Costello
Batting: SHB Ricardo Arévalo 0-0: Foul Ball, location: 2F
0-1: Ball
1-1: Ball
2-1: Foul Ball, location: 2F
2-2: Fly out, F7 (Flyball, 7M)
Batting: RHB John Denton 0-0: Hit by Pitch
Batting: RHB Dick Slagboom 0-0: Fly out, F8 (Flyball, 8RXD)
Batting: RHB Paul Richard 0-0: Called Strike
0-1: Swinging Strike
0-2: Ball
1-2: Fly out, F7 (Flyball, 7S)
Top of the 8th over - 0 run(s), 0 hit(s), 0 error(s), 1 left on base; Wisconsin Rapids 2 - Bemidji 1
BOTTOM OF THE 8TH
Bemidji Benders batting - Pitching for Wisconsin Rapids Rangers : RHP Jack Hampton
Pitching: RHP Júlio Feliciano
Batting: RHB Júlio Valdés 0-0: Ball
1-0: Ground out 6-3 (Groundball, 6M)
Pitching: LHP Manuel Perea
Batting: LHB Jesús Raugel 0-0: Ball
1-0: Fly out, F7 (Flyball, 7M)
Pitching: RHP Juan Contreras
Batting: RHB Gabriel Stout 0-0: Foul Ball, location: 2F
0-1: Ball
1-1: Ball
2-1: Fly out, F8 (Line Drive, 8RS)
Bottom of the 8th over - 0 run(s), 0 hit(s), 0 error(s), 0 left on base; Wisconsin Rapids 2 - Bemidji 1
TOP OF THE 9TH
Wisconsin Rapids Rangers batting - Pitching for Bemidji Benders : RHP Tom Fisher
Pitching: LHP Roberto Galaz
Batting: LHB Ramón Córdova 0-0: Foul Ball, location: 2F
0-1: Ball
1-1: Fly out, F7 (Flyball, 7M)
Batting: RHB Cherles Vilo 0-0: Swinging Strike
0-1: SINGLE (Groundball, 6D)
Batting: RHB Robert Acosta 0-0: Ball
1-0: Called Strike
1-1: Foul Ball, location: 2F
1-2: Ball
2-2: Strikes out swinging
Batting: RHB Troy Reed 0-0: Ball
1-0: Fly out, F9 (Flyball, 89S)
Top of the 9th over - 0 run(s), 1 hit(s), 0 error(s), 1 left on base; Wisconsin Rapids 2 - Bemidji 1
BOTTOM OF THE 9TH
Bemidji Benders batting - Pitching for Wisconsin Rapids Rangers : RHP Juan Contreras
Pitching: RHP Chuck Plummer
Batting: LHB Tony O'Bryan 0-0: Ball
1-0: Called Strike
1-1: Ground out 6-3 (Groundball, 6M)
Batting: LHB Raúl Morales 0-0: Ball
1-0: Foul Ball, location: 2F
1-1: Ball
2-1: Foul Ball, location: 2F
2-2: Ball
3-2: Strikes out swinging
Batting: RHB Kawanari Hara 0-0: Called Strike
0-1: Ball
1-1: Swinging Strike
1-2: Strikes out swinging
Bottom of the 9th over - 0 run(s), 0 hit(s), 0 error(s), 0 left on base; Wisconsin Rapids 2 - Bemidji 1
This league is powered by Out of the Park Baseball, the baseball management simulation game for PC, Mac and Linux
Saturday, April 9th, 2016 - OOTP Baseball 16.8 Build 38